 Dungeon Crawl Stone Soup version 0.30-a0-743-gbfdf073431 (webtiles) character file.

Game seed: 4675283490643112148

751 Iich the Cleaver (level 7, -10/64 HPs)
             Began as a Minotaur Fighter on Feb 6, 2023.
             Killed by an exploding jelly (19 damage)
             ... ignited by their inner flame
             ... on level 6 of the Dungeon.
             The game lasted 00:04:23 (2379 turns).

Iich the Cleaver (Minotaur Fighter)                 Turns: 2379, Time: 00:04:23

Health: -10/64     AC:  6    Str: 21    XL:     7   Next: 49%
Magic:  6/6        EV: 12    Int:  5    God:
Gold:   93         SH:  4    Dex: 11    Spells: 6/6 levels left

rFire   + . .      SeeInvis .    a - +0 war axe
rCold   . . .      Faith    .    c - +0 buckler
rNeg    . . .      Spirit   .    t - +0 chain mail {rF+}
rPois   .          Reflect  .    (helmet restricted)
rElec   .          Harm     .    g - +0 cloak
rCorr   .          Rampage  .    (no gloves)
Will    .....                    (no boots) Stlth
                                 (no amulet)
HPRegen 0.30/turn                l - +5 ring of evasion
MPRegen 0.10/turn                (no ring)

@: corroded
A: horns 2, retaliatory headbutt
a: no special abilities


You were on level 6 of the Dungeon.
You visited 1 branch of the dungeon, and saw 6 of its levels.

You collected 240 gold pieces.
You spent 147 gold pieces at shops.

Inventory:

Hand Weapons
 a - a +0 war axe (weapon)
Armour
 c - a +0 buckler (worn)
 g - a +0 cloak (worn)
 t - a +0 chain mail of fire resistance (worn)
Jewellery
 l - a +5 ring of evasion (left hand)
Wands
 o - a wand of flame (23)
Scrolls
 e - 2 scrolls of identify
 i - 2 scrolls of immolation
 k - a scroll of fog
 n - 3 scrolls of enchant weapon
 p - a scroll of enchant armour
 q - a scroll of teleportation {unknown}
Potions
 d - 2 potions of might
 f - a potion of degeneration
 h - a potion of lignification
 r - a potion of attraction {unknown}


   Skills:
 + Level 6.8 Fighting
 * Level 8.5 Axes
 - Level 3.6 Armour
 - Level 3.6 Shields


You had 6 spell levels left.
You didn't know any spells.
Your spell library was empty.

Dungeon Overview and Level Annotations

Branches:
Dungeon (7/15)
 Temple: D:4-7

Altars:
Okawaru
Ru

Shops:
D:2 *   D:3 ?


Innate Abilities, Weirdness & Mutations

You have a pair of horns on your head.
You reflexively headbutt those who attack you in melee.


Message History

You furiously retaliate!
You headbutt the adder.
The adder explodes!
The fiery explosion engulfs you! You resist.
* * * LOW HITPOINT WARNING * * *
The fiery explosion engulfs something!!
Reactivating autopickup.
You feel a bit more experienced.
The fiery explosion engulfs the orc priest!!
The fiery explosion engulfs the jelly!!!
The fiery explosion engulfs something!!!
You feel a bit more experienced.
The fiery explosion engulfs the orc priest!!
The orc priest explodes!
The fiery explosion engulfs the orc wizard!!
The fiery explosion engulfs the orc warrior!!
Flame seeps out of the orc warrior.
The orc warrior is severely wounded.
The orc wizard explodes!
The fiery explosion engulfs the orc warrior!
The orc warrior explodes!
The fiery explosion engulfs the orc!!!
The fiery explosion engulfs the orc!!
The orc explodes!
The fiery explosion engulfs something!!
You feel a bit more experienced.
The fiery explosion engulfs the orc wizard!!
The orc wizard explodes!
The fiery explosion engulfs the orc priest!!!
The fiery explosion engulfs the orc!
The orc explodes!
The fiery explosion engulfs the orc wizard!!
The orc wizard explodes!
The fiery explosion engulfs the orc!!!
You kill the orc!
The orc priest explodes!
The fiery explosion engulfs the shadow imp!!
You feel a bit more experienced.
The shadow imp explodes!
You feel a bit more experienced. x2
The orc wizard explodes!
The orc explodes!
The orc wizard explodes!
The jelly explodes!
The fiery explosion engulfs you!! You resist.
You die...

#............# .(.
.>...o.......# o.. .
#....s....##§# .#
..(#..>...#.#§§#..#
#...........o§§§§...
###########o§§§§..#
. #####§§§§..#
....#..§§§○§§....
#.......@○§§§....#
#....#########.#..
.... ## . ###


You could see an orc.

Vanquished Creatures
  A water moccasin (D:3)
  An ice beast (D:7)
  An ogre (D:6)
  2 orc warriors
  2 scorpions (D:6)
  A jelly (D:6)
  5 orc priests
  A hound (D:6)
  An iguana (D:6)
  Natasha (D:4)
  7 orc wizards
  2 adders
  A shadow imp (D:6)
  2 white imps
  2 dart slugs (D:1)
  14 orcs
  8 endoplasms
  3 giant cockroaches
  7 goblins
  4 hobgoblins
  9 jackals
  7 kobolds
  6 ball pythons
  4 bats
  5 frilled lizards
  4 rats
101 creatures vanquished.

Notes
Turn   | Place    | Note
-------+----------+-------------------------------------------
     0 | D:1      | Iich the Minotaur Fighter began the quest for the Orb.
     0 | D:1      | Reached XP level 1. HP: 19/19 MP: 0/0
   108 | D:1      | Reached skill level 3 in Axes
   140 | D:1      | Found a faded altar of an unknown god.
   149 | D:1      | Reached XP level 2. HP: 26/27 MP: 1/1
   261 | D:1      | Reached XP level 3. HP: 33/33 MP: 2/2
   710 | D:2      | Found Apeohac's General Store.
   716 | D:2      | Bought a +0 cloak for 45 gold pieces
   716 | D:2      | Bought a scroll of identify for 20 gold pieces
   740 | D:2      | Reached skill level 4 in Axes
  1331 | D:2      | Reached XP level 4. HP: 41/41 MP: 3/3
  1447 | D:3      | Noticed a water moccasin
  1457 | D:3      | Killed a water moccasin
  1458 | D:3      | Reached skill level 5 in Fighting
  1458 | D:3      | Reached skill level 5 in Axes
  1458 | D:3      | Reached XP level 5. HP: 23/48 MP: 4/4
  1600 | D:3      | Found Immih's Magic Scroll Shoppe.
  1740 | D:3      | Bought a scroll of enchant weapon for 82 gold pieces
  1781 | D:3      | Found a sacrificial altar of Ru.
  1878 | D:4      | Noticed Natasha
  1882 | D:4      | Killed Natasha
  1883 | D:4      | Reached skill level 6 in Axes
  1926 | D:4      | You fall into a shaft and drop 3 floors!
  1978 | D:7      | Found an iron altar of Okawaru.
  1978 | D:7      | Noticed an ice beast
  1985 | D:7      | Killed an ice beast
  1986 | D:7      | Reached XP level 6. HP: 56/56 MP: 5/5
  2005 | D:7      | Reached skill level 7 in Axes
  2196 | D:7      | Noticed an orc warrior
  2208 | D:7      | Killed an orc warrior
  2356 | D:6      | Reached XP level 7. HP: 56/63 MP: 6/6
  2363 | D:6      | Reached skill level 8 in Axes
  2376 | D:6      | HP: 2/64 [something (2)]
  2379 | D:6      | Killed by an exploding jelly... ignited by their inner
                  | flame

Illustrated notes

Levels and vault maps discovered:
D:1:      erik_arrival_orb_chamber, layout_basic,
          hellmonk_ecumenical_altar_lost_god
D:2:      layout_loops_ring, serial_shops, shop
D:3:      layout_rooms, amcnicky_altar_gilded, serial_shops,
          nicolae_shop_hallway_stairs
D:4:      layout_basic, nicolae_dithmenos_the_darkroom,
          kennysheep_orc_sif_temple, minmay_temple_entry_offerings,
          serial_shops, shop, uniq_pikel, uniq_natasha, uniq_ijyb
D:6:      layout_rooms, mainiacjoe_overflow_small_starburst,
          chequers_serial_rivers_room_b
D:7:      layout_rooms, lemuel_doored_altar

Skill      XL: |  1  2  3  4  5  6  7 |
---------------+----------------------+-----
Axes           | 3 4 5 6 7 8 |  8.5
Fighting       | 4 5 6 |  6.8
Armour         | |  3.6
Shields        | |  3.6

Action                     |  1- 3 |  4- 6 |  7- 9 || total
---------------------------+-------+-------+-------++-------
  Melee: War axe           |   102 |    53 |    11 ||   166
         Headbutt          |     8 |     8 |     1 ||    17
    Use: Scroll            |     5 |     1 |     2 ||     8
         Potion            |       |       |     4 ||     4
 Armour: Scale mail        |    71 |    12 |       ||    83
         Chain mail        |       |     1 |    10 ||    11
  Dodge: Dodged            |    60 |    41 |    21 ||   122
  Block: Buckler           |    22 |    11 |     5 ||    38

Table legend: (Time is in decaauts)
 A = Elapsed time spent in this place.
 B = Non-inter-level travel time spent in this place.
 C = Inter-level travel time spent in this place.
 D = Time resting spent in this place.
 E = Time spent auto-exploring this place.
 F = Levels seen in this place.
 G = Mean time per level.
                   A        B        C        D        E       F      G
               +--------+--------+--------+--------+--------+-----+--------+
         Total |   2425 |   2207 |    218 |     84 |   1639 |   6 |  404.2 |
       Dungeon |   2425 |   2207 |    218 |     84 |   1639 |   6 |  404.2 |
               +--------+--------+--------+--------+--------+-----+--------+

Top non-repeatable levels by time:
     D:2: 766 daAuts
     D:1: 681 daAuts
     D:3: 468 daAuts
     D:7: 424 daAuts
     D:4: 48 daAuts
     D:6: 34 daAuts
